 Dungeon Crawl Stone Soup version 0.29.0-15-g675c0067aa (webtiles) character file.

Game seed: 14840843749144909942

40508 qw the Severer (level 13, -1/128 HPs)
             Began as a Minotaur Berserker on Sept 12, 2022.
             Was an Elder of Trog.
             Slain by an eight-headed hydra (3 damage)
             ... summoned by a boggart
             ... on level 5 of the Lair of Beasts.
             The game lasted 00:07:01 (17329 turns).

qw the Severer (Minotaur Berserker)                Turns: 17329, Time: 00:07:02

Health: -1/128     AC: 29    Str: 26    XL:     13   Next: 75%
Magic:  12/12      EV: 10    Int:  4    God:    Trog [****..]
Gold:   682        SH:  0    Dex: 11    Spells: 12/12 levels left

rFire   . . .      SeeInvis .   g - +0 morningstar
rCold   + + .      Faith    .   (no shield)
rNeg    . . .      Spirit   .   o - +2 plate armour {rC+}
rPois   .          Reflect  .   (helmet restricted)
rElec   .          Harm     .   a - +2 cloak
rCorr   .          Rampage  .   t - +2 pair of gloves
Will    .....                   (no boots)
Stlth   ..........              (no amulet)
HPRegen 0.31/turn               d - +4 ring of protection
MPRegen 0.13/turn               f - ring of protection from cold

@: about to teleport, frozen, on berserk cooldown, slowed, very slow
A: horns 2, retaliatory headbutt
a: Renounce Religion, Berserk, Trog's Hand, Brothers in Arms


You were on level 5 of the Lair of Beasts.
You worshipped Trog.
Trog was greatly pleased with you.
You visited 2 branches of the dungeon, and saw 13 of its levels.

You collected 994 gold pieces.
You spent 312 gold pieces at shops.


Innate Abilities, Weirdness & Mutations

You have a pair of horns on your head.
You reflexively headbutt those who attack you in melee.


   Skills:
 + Level 15.7 Fighting
 - Level 16.0 Axes
 - Level 9.0 Throwing
 - Level 14.0 Armour
 - Level 6.3 Dodging


You had 12 spell levels left.
You didn't know any spells.
Your spell library was empty.

Inventory:

Hand Weapons
 g - a +0 morningstar (weapon)
 Y - a +4 war axe of protection
Missiles
 n - 2 boomerangs
 x - 2 javelins
 y - 2 silver javelins (quivered)
Armour
 a - a +2 cloak (worn)
 e - a +0 buckler
 j - the +1 cloak of Omianim {Harm *Slow rPois rF+}
   (You found it on level 7 of the Dungeon)

   rF:        It protects you from fire.
   rPois:     It protects you from poison.
   *Slow:     It may slow you when you take damage.
   Harm:      It increases damage dealt and taken.
 o - a +2 plate armour of cold resistance (worn)
 t - a +2 pair of gloves (worn)
Jewellery
 c - a ring of fire
 d - a +4 ring of protection (left hand)
 f - a ring of protection from cold (right hand)
 u - a ring of positive energy
 w - a ring of resist corrosion
Scrolls
 m - 2 scrolls of identify
 r - a scroll of acquirement {unknown}
 s - a scroll of butterflies {unknown}
Potions
 h - 4 potions of mutation
 i - 3 potions of curing
 k - 3 potions of haste
 l - 2 potions of cancellation
 p - a potion of might
 q - 7 potions of heal wounds
 v - a potion of resistance
 z - a potion of ambrosia {unknown}

Dungeon Overview and Level Annotations

Branches:
Dungeon (8/15)             Temple (0/1) D:5            Lair (5/5) D:8
 Shoals (0/4) Lair:2        Snake (0/4) Lair:3        Slime (0/5) Lair:4

Altars:
Cheibriados
Dithmenos
Elyvilon
Kikubaaqudgha
Trog
Xom
Yredelemnul
The Shining One
Jiyva

Shops:
D:5 !   D:8 *

Annotations:
D:8 3 runed translucent doors, qw's ghost, novice MiBe


Message History

The eight-headed hydra bites you but does no damage.
The eight-headed hydra closely misses you.
The eight-headed hydra bites you but does no damage. x2
The eight-headed hydra bites you!
The eight-headed hydra closely misses you.
The eight-headed hydra barely misses you.
The eight-headed hydra closely misses you.
The rime drake bites you but does no damage.
17328 ||| INVOKING Brothers in Arms.
You fail to use your ability.
The sentinel's mark upon you fades away.
The ice encasing you melts away. The wolf bites you but does no damage.
The water moccasin closely misses you.
The boggart casts a spell.
The wolf barely misses you. The rime drake breathes ice at you.
The flash freeze hits you but does no damage.
You are encased in ice.
A basilisk comes into view.
The lindwurm breathes flames at you. The blast of flame hits you!
The eight-headed hydra bites you.
The eight-headed hydra bites you but does no damage. x2
The eight-headed hydra bites you!
The eight-headed hydra bites you but does no damage. x2
The eight-headed hydra bites you!
The eight-headed hydra closely misses you.
The water moccasin bites you but does no damage.
The hell rat twitches its whiskers.
The boggart hits you but does no damage.
The wolf misses you.
You hear an angry hiss.
17329 ||| READING scroll of teleportation.
As you read the scroll of teleportation, it crumbles to dust.
You feel strangely unstable. The wolf bites you.
The rime drake bites you but does no damage.
The water moccasin bites you but does no damage.
The lindwurm bites you!
The lindwurm claws you but does no damage.
The lindwurm barely misses you. The eight-headed hydra bites you.
You die...

7..[7 #
77r.777777 ##.
7........7 #F.7
7..7.....7 .lF77
77...7....7
#F..777...777...7
7gFk77r.77 7..77
. 7Dkk..77


7777 .7 7.@hr.77 7777(7 777Sh.)777777....7 7777)..77...7777 77)(....77 77777777
You could see an eight-headed hydra (summoned), a lindwurm, a basilisk, 4 blink
frogs, 2 rime drakes, a water moccasin, 2 wolves, a boggart and 2 hell rats.

Vanquished Creatures
  Fannar (Lair:1)
  4 hydras
  A boulder beetle (Lair:1)
  9 death yaks
  A wolf spider (Lair:2)
  8 black mambas
  2 rust devils (D:5)
  A torpor snail (Lair:3)
  10 cane toads
  12 komodo dragons
  4 rime drakes
  3 polar bears
  2 hornets (Lair:5)
  19 blink frogs
  A dream sheep (Lair:5)
  14 spriggans (Lair:5)
  3 wyverns
  27 yaks
  2 basilisks (Lair:5)
  A steam dragon (D:6)
  3 wargs (D:8)
  4 nagas (Lair:3)
  5 black bears
  5 orc warriors
  11 water moccasins
  A sky beast (D:5)
  An ice beast (D:6)
  3 boggarts (Lair:5)
  A centaur (D:6)
  17 wolves
  3 kobold brigands
  Blork the orc (D:4)
  A necrophage (D:6)
  9 bullfrogs
  3 scorpions
  12 wights
  4 killer bees (D:7)
  5 hounds
  3 jellies
  6 orc priests
  4 orc wizards
  4 iguanas
  Robin (D:3)
  10 adders
  A shadow imp (D:8)
  An ufetubus (D:5)
  2 worms
  3 dart slugs
  34 orcs
  3 endoplasms
  4 giant cockroaches
  14 goblins
  6 hobgoblins
  21 kobolds
  4 quokkas
  9 ball pythons
  6 bats
  4 frilled lizards
  8 rats
  A butterfly (Lair:3)
363 creatures vanquished.

Vanquished Creatures (collateral kills)
  A hydra (Lair:5)
  A death yak (Lair:2)
  A dream sheep (Lair:5)
  3 wolves (Lair:5)
6 creatures vanquished.

Vanquished Creatures (others)
  A bush (Lair:5)
  24 fungi
  44 plants
69 creatures vanquished.

Grand Total: 438 creatures vanquished

Notes
Turn   | Place    | Note
-------+----------+-------------------------------------------
     0 | D:1      | qw the Minotaur Berserker began the quest for the Orb.
     0 | D:1      | Reached XP level 1. HP: 19/19 MP: 0/0
     0 | D:1      | 0 ||| qw: Version: 0.1-a-119-g272c26d
     0 | D:1      | 0 ||| qw: Game counter: 10839
     0 | D:1      | 0 ||| qw: Always use a shield: true
     0 | D:1      | 0 ||| qw: Do Orc after D:15 true
     0 | D:1      | 0 ||| qw: Do second Lair branch before Depths: true
     0 | D:1      | 0 ||| qw: Lair rune preference: random
     0 | D:1      | 0 ||| qw: Plans: Normal
     0 | D:1      | 0 ||| PLANNING D:1-11
    38 | D:1      | Found a faded altar of an unknown god.
    49 | D:1      | 49 ||| Stepping ~*~*~tactically~*~*~ (stealth).
   216 | D:1      | Reached skill level 4 in Axes
   442 | D:1      | Reached XP level 2. HP: 25/26 MP: 1/1
   891 | D:1      | 891 ||| UPGRADING to +4 ring of protection.
   892 | D:1      | 892 ||| READING scroll labelled PEDINO HODGH.
   893 | D:1      | 893 ||| READING scroll labelled PUAXKADOOX.
   998 | D:2      | 998 ||| Stepping ~*~*~tactically~*~*~ (stealth).
  1001 | D:2      | 1001 ||| Stepping ~*~*~tactically~*~*~ (stealth).
  1084 | D:2      | 1084 ||| Stepping ~*~*~tactically~*~*~ (stealth).
  1094 | D:2      | Reached skill level 5 in Axes
  1094 | D:2      | Reached XP level 3. HP: 31/31 MP: 2/2
  1189 | D:2      | 1189 ||| Stepping ~*~*~tactically~*~*~ (stealth).
  1229 | D:2      | Reached ** piety under Trog
  1236 | D:2      | Reached skill level 1 in Throwing
  1578 | D:2      | 1578 ||| UPGRADING to +0 pair of gloves.
  1583 | D:2      | 1583 ||| UPGRADING to +0 ring mail.
  1593 | D:2      | 1593 ||| DROPPING +0 animal skin.
  1594 | D:2      | 1594 ||| DROPPING orb of energy.
  1595 | D:2      | 1595 ||| READING 2 scrolls labelled ICLESCHUMIA.
  1596 | D:2      | 1596 ||| READING scroll labelled AJUM MAUDWUN NEIG.
  1597 | D:2      | 1597 ||| READING scroll labelled IQAAPR QAPYILO.
  1598 | D:2      | 1598 ||| DRINKING 2 sedimented dark potions.
  1599 | D:2      | 1599 ||| DRINKING 2 fuming emerald potions.
  1600 | D:2      | 1600 ||| DROPPING potion of brilliance.
  1601 | D:2      | 1601 ||| DROPPING scroll of amnesia.
  1605 | D:3      | Found the +18 Lear's hauberk
  1618 | D:3      | 1618 ||| Stepping randomly (stuck).
  1619 | D:3      | 1619 ||| Stepping randomly (stuck).
  1620 | D:3      | 1620 ||| Stepping randomly (stuck).
  1621 | D:3      | 1621 ||| Stepping randomly (stuck).
  1622 | D:3      | 1622 ||| Stepping randomly (stuck).
  1623 | D:3      | 1623 ||| Stepping randomly (stuck).
  1624 | D:3      | 1624 ||| Stepping randomly (stuck).
  1625 | D:3      | 1625 ||| Stepping randomly (stuck).
  1627 | D:3      | 1627 ||| Stepping randomly (stuck).
  1629 | D:3      | 1629 ||| Stepping randomly (stuck).
  1630 | D:3      | 1630 ||| Stepping randomly (stuck).
  1632 | D:3      | 1632 ||| Stepping randomly (stuck).
  1633 | D:3      | 1633 ||| Stepping randomly (stuck).
  1634 | D:3      | 1634 ||| Stepping randomly (stuck).
  1636 | D:3      | 1636 ||| Stepping randomly (stuck).
  1637 | D:3      | 1637 ||| Stepping randomly (stuck).
  1638 | D:3      | 1638 ||| Stepping randomly (stuck).
  1639 | D:3      | 1639 ||| Stepping randomly (stuck).
  1641 | D:3      | 1641 ||| Stepping randomly (stuck).
  1642 | D:3      | 1642 ||| Stepping randomly (stuck).
  1643 | D:3      | 1643 ||| Stepping randomly (stuck).
  1644 | D:3      | 1644 ||| Stepping randomly (stuck).
  1645 | D:3      | 1645 ||| Stepping randomly (stuck).
  1646 | D:3      | 1646 ||| Stepping randomly (stuck).
  1647 | D:3      | 1647 ||| Stepping randomly (stuck).
  1648 | D:3      | 1648 ||| Stepping randomly (stuck).
  1649 | D:3      | 1649 ||| Stepping randomly (stuck).
  1650 | D:3      | 1650 ||| Stepping randomly (stuck).
  1651 | D:3      | 1651 ||| Stepping randomly (stuck).
  1652 | D:3      | 1652 ||| Stepping randomly (stuck).
  1653 | D:3      | 1653 ||| Stepping randomly (stuck).
  1659 | D:3      | Reached XP level 4. HP: 39/39 MP: 3/3
  1660 | D:3      | 1660 ||| Stepping randomly (stuck).
  1661 | D:3      | 1661 ||| Stepping randomly (stuck).
  1662 | D:3      | 1662 ||| Stepping randomly (stuck).
  1663 | D:3      | 1663 ||| Stepping randomly (stuck).
  1664 | D:3      | 1664 ||| Stepping randomly (stuck).
  1665 | D:3      | 1665 ||| Stepping randomly (stuck).
  1666 | D:3      | 1666 ||| Stepping randomly (stuck).
  1667 | D:3      | 1667 ||| Stepping randomly (stuck).
  1668 | D:3      | 1668 ||| Stepping randomly (stuck).
  1669 | D:3      | 1669 ||| Stepping randomly (stuck).
  1679 | D:3      | 1679 ||| Stepping randomly (stuck).
  1681 | D:3      | 1681 ||| Stepping randomly (stuck).
  1682 | D:3      | 1682 ||| Stepping randomly (stuck).
  1683 | D:3      | 1683 ||| Stepping randomly (stuck).
  1684 | D:3      | 1684 ||| Stepping randomly (stuck).
  1687 | D:3      | 1687 ||| Stepping randomly (stuck).
  1688 | D:3      | 1688 ||| Stepping randomly (stuck).
  1689 | D:3      | 1689 ||| Stepping randomly (stuck).
  1690 | D:3      | 1690 ||| Stepping randomly (stuck).
  1691 | D:3      | 1691 ||| Stepping randomly (stuck).
  1692 | D:3      | 1692 ||| Stepping randomly (stuck).
  1693 | D:3      | 1693 ||| Stepping randomly (stuck).
  1694 | D:3      | 1694 ||| Stepping randomly (stuck).
  1695 | D:3      | 1695 ||| Stepping randomly (stuck).
  1696 | D:3      | 1696 ||| Stepping randomly (stuck).
  1698 | D:3      | 1698 ||| Stepping randomly (stuck).
  1701 | D:3      | 1701 ||| Stepping randomly (stuck).
  1702 | D:3      | 1702 ||| Stepping randomly (stuck).
  1703 | D:3      | 1703 ||| Stepping randomly (stuck).
  1704 | D:3      | 1704 ||| Stepping randomly (stuck).
  1705 | D:3      | 1705 ||| Stepping randomly (stuck).
  1706 | D:3      | 1706 ||| Stepping randomly (stuck).
  1707 | D:3      | 1707 ||| Stepping randomly (stuck).
  1710 | D:3      | 1710 ||| Stepping randomly (stuck).
  1711 | D:3      | 1711 ||| Stepping randomly (stuck).
  1712 | D:3      | 1712 ||| Stepping randomly (stuck).
  1713 | D:3      | 1713 ||| Stepping randomly (stuck).
  1714 | D:3      | 1714 ||| Stepping randomly (stuck).
  1715 | D:3      | 1715 ||| Stepping randomly (stuck).
  1716 | D:3      | 1716 ||| Stepping randomly (stuck).
  1717 | D:3      | 1717 ||| Stepping randomly (stuck).
  1718 | D:3      | 1718 ||| Stepping randomly (stuck).
  1719 | D:3      | 1719 ||| Stepping randomly (stuck).
  1720 | D:3      | 1720 ||| Stepping randomly (stuck).
  1721 | D:3      | 1721 ||| Stepping randomly (stuck).
  1722 | D:3      | 1722 ||| Stepping randomly (stuck).
  1723 | D:3      | 1723 ||| Stepping randomly (stuck).
  1724 | D:3      | 1724 ||| Stepping randomly (stuck).
  1725 | D:3      | 1725 ||| Stepping randomly (stuck).
  1726 | D:3      | 1726 ||| Stepping randomly (stuck).
  1727 | D:3      | 1727 ||| Stepping randomly (stuck).
  1728 | D:3      | 1728 ||| Stepping randomly (stuck).
  1730 | D:3      | 1730 ||| Stepping randomly (stuck).
  1732 | D:3      | 1732 ||| Stepping randomly (stuck).
  1733 | D:3      | 1733 ||| Stepping randomly (stuck).
  1735 | D:3      | 1735 ||| Stepping randomly (stuck).
  1737 | D:3      | 1737 ||| Stepping randomly (stuck).
  1738 | D:3      | 1738 ||| Stepping randomly (stuck).
  1739 | D:3      | 1739 ||| Stepping randomly (stuck).
  1740 | D:3      | 1740 ||| Stepping randomly (stuck).
  1741 | D:3      | 1741 ||| Stepping randomly (stuck).
  1742 | D:3      | 1742 ||| Stepping randomly (stuck).
  1743 | D:3      | 1743 ||| Stepping randomly (stuck).
  1744 | D:3      | 1744 ||| Stepping randomly (stuck).
  1747 | D:3      | 1747 ||| Stepping randomly (stuck).
  1748 | D:3      | 1748 ||| Stepping randomly (stuck).
  1749 | D:3      | 1749 ||| Stepping randomly (stuck).
  1750 | D:3      | 1750 ||| Stepping randomly (stuck).
  1752 | D:3      | 1752 ||| Stepping randomly (stuck).
  1754 | D:3      | 1754 ||| Stepping randomly (stuck).
  1755 | D:3      | 1755 ||| Stepping randomly (stuck).
  1756 | D:3      | 1756 ||| Stepping randomly (stuck).
  1759 | D:3      | 1759 ||| Stepping randomly (stuck).
  1760 | D:3      | 1760 ||| Stepping randomly (stuck).
  1761 | D:3      | 1761 ||| Stepping randomly (stuck).
  1762 | D:3      | 1762 ||| Stepping randomly (stuck).
  1763 | D:3      | 1763 ||| Stepping randomly (stuck).
  1764 | D:3      | 1764 ||| Stepping randomly (stuck).
  1765 | D:3      | 1765 ||| Stepping randomly (stuck).
  1767 | D:3      | 1767 ||| Stepping randomly (stuck).
  1768 | D:3      | 1768 ||| Stepping randomly (stuck).
  1769 | D:3      | 1769 ||| Stepping randomly (stuck).
  1770 | D:3      | 1770 ||| Stepping randomly (stuck).
  1771 | D:3      | 1771 ||| Stepping randomly (stuck).
  1772 | D:3      | 1772 ||| Stepping randomly (stuck).
  1773 | D:3      | 1773 ||| Stepping randomly (stuck).
  1774 | D:3      | 1774 ||| Stepping randomly (stuck).
  1775 | D:3      | 1775 ||| Stepping randomly (stuck).
  1777 | D:3      | 1777 ||| Stepping randomly (stuck).
  1778 | D:3      | 1778 ||| Stepping randomly (stuck).
  1779 | D:3      | 1779 ||| Stepping randomly (stuck).
  1781 | D:3      | 1781 ||| Stepping randomly (stuck).
  1782 | D:3      | 1782 ||| Stepping randomly (stuck).
  1783 | D:3      | 1783 ||| Stepping randomly (stuck).
  1784 | D:3      | 1784 ||| Stepping randomly (stuck).
  1785 | D:3      | 1785 ||| Stepping randomly (stuck).
  1786 | D:3      | 1786 ||| Stepping randomly (stuck).
  1787 | D:3      | 1787 ||| Stepping randomly (stuck).
  1788 | D:3      | 1788 ||| Stepping randomly (stuck).
  1789 | D:3      | 1789 ||| Stepping randomly (stuck).
  1790 | D:3      | 1790 ||| Stepping randomly (stuck).
  1791 | D:3      | 1791 ||| Stepping randomly (stuck).
  1792 | D:3      | 1792 ||| Stepping randomly (stuck).
  1793 | D:3      | 1793 ||| Stepping randomly (stuck).
  1794 | D:3      | 1794 ||| Stepping randomly (stuck).
  1795 | D:3      | 1795 ||| Stepping randomly (stuck).
  1796 | D:3      | 1796 ||| Stepping randomly (stuck).
  1797 | D:3      | 1797 ||| Stepping randomly (stuck).
  1801 | D:3      | 1801 ||| Stepping randomly (stuck).
  1802 | D:3      | 1802 ||| Stepping randomly (stuck).
  1803 | D:3      | 1803 ||| Stepping randomly (stuck).
  1804 | D:3      | 1804 ||| Stepping randomly (stuck).
  1805 | D:3      | 1805 ||| Stepping randomly (stuck).
  1806 | D:3      | 1806 ||| Stepping randomly (stuck).
  1807 | D:3      | 1807 ||| Stepping randomly (stuck).
  1808 | D:3      | 1808 ||| Stepping randomly (stuck).
  1809 | D:3      | 1809 ||| Stepping randomly (stuck).
  1810 | D:3      | 1810 ||| Stepping randomly (stuck).
  1811 | D:3      | 1811 ||| Stepping randomly (stuck).
  1812 | D:3      | 1812 ||| Stepping randomly (stuck).
  1813 | D:3      | 1813 ||| Stepping randomly (stuck).
  1814 | D:3      | 1814 ||| Stepping randomly (stuck).
  1815 | D:3      | 1815 ||| Stepping randomly (stuck).
  1816 | D:3      | 1816 ||| Stepping randomly (stuck).
  1818 | D:3      | 1818 ||| Stepping randomly (stuck).
  1820 | D:3      | 1820 ||| Stepping randomly (stuck).
  1821 | D:3      | 1821 ||| Stepping randomly (stuck).
  1822 | D:3      | 1822 ||| Stepping randomly (stuck).
  1823 | D:3      | 1823 ||| Stepping randomly (stuck).
  1824 | D:3      | 1824 ||| Stepping randomly (stuck).
  1825 | D:3      | 1825 ||| Stepping randomly (stuck).
  1826 | D:3      | 1826 ||| Stepping randomly (stuck).
  1827 | D:3      | 1827 ||| Stepping randomly (stuck).
  1828 | D:3      | 1828 ||| Stepping randomly (stuck).
  1829 | D:3      | 1829 ||| Stepping randomly (stuck).
  1830 | D:3      | 1830 ||| Stepping randomly (stuck).
  1831 | D:3      | 1831 ||| Stepping randomly (stuck).
  1832 | D:3      | 1832 ||| Stepping randomly (stuck).
  1833 | D:3      | 1833 ||| Stepping randomly (stuck).
  1834 | D:3      | 1834 ||| Stepping randomly (stuck).
  1835 | D:3      | 1835 ||| Stepping randomly (stuck).
  1836 | D:3      | 1836 ||| Stepping randomly (stuck).
  1837 | D:3      | 1837 ||| Stepping randomly (stuck).
  1838 | D:3      | 1838 ||| Stepping randomly (stuck).
  1839 | D:3      | 1839 ||| Stepping randomly (stuck).
  1841 | D:3      | 1841 ||| Stepping randomly (stuck).
  1843 | D:3      | 1843 ||| Stepping randomly (stuck).
  1844 | D:3      | 1844 ||| Stepping randomly (stuck).
  1845 | D:3      | 1845 ||| Stepping randomly (stuck).
  1847 | D:3      | 1847 ||| Stepping randomly (stuck).
  1848 | D:3      | 1848 ||| Stepping randomly (stuck).
  1849 | D:3      | 1849 ||| Stepping randomly (stuck).
  1850 | D:3      | 1850 ||| Stepping randomly (stuck).
  1852 | D:3      | 1852 ||| Stepping randomly (stuck).
  1854 | D:3      | 1854 ||| Stepping randomly (stuck).
  1855 | D:3      | 1855 ||| Stepping randomly (stuck).
  1856 | D:3      | 1856 ||| Stepping randomly (stuck).
  1857 | D:3      | 1857 ||| Stepping randomly (stuck).
  1858 | D:3      | 1858 ||| Stepping randomly (stuck).
  1859 | D:3      | 1859 ||| Stepping randomly (stuck).
  1860 | D:3      | 1860 ||| Stepping randomly (stuck).
  1861 | D:3      | 1861 ||| Stepping randomly (stuck).
  1862 | D:3      | 1862 ||| Stepping randomly (stuck).
  1863 | D:3      | 1863 ||| Stepping randomly (stuck).
  1864 | D:3      | 1864 ||| Stepping randomly (stuck).
  1865 | D:3      | 1865 ||| Stepping randomly (stuck).
  1866 | D:3      | 1866 ||| Stepping randomly (stuck).
  1867 | D:3      | 1867 ||| Stepping randomly (stuck).
  1868 | D:3      | 1868 ||| Stepping randomly (stuck).
  1870 | D:3      | 1870 ||| Stepping randomly (stuck).
  1871 | D:3      | 1871 ||| Stepping randomly (stuck).
  1872 | D:3      | 1872 ||| Stepping randomly (stuck).
  1873 | D:3      | 1873 ||| Stepping randomly (stuck).
  1874 | D:3      | 1874 ||| Stepping randomly (stuck).
  1875 | D:3      | 1875 ||| Stepping randomly (stuck).
  1876 | D:3      | 1876 ||| Stepping randomly (stuck).
  1877 | D:3      | 1877 ||| Stepping randomly (stuck).
  1878 | D:3      | 1878 ||| Stepping randomly (stuck).
  1879 | D:3      | 1879 ||| Stepping randomly (stuck).
  1880 | D:3      | 1880 ||| Stepping randomly (stuck).
  1881 | D:3      | 1881 ||| Stepping randomly (stuck).
  1882 | D:3      | 1882 ||| Stepping randomly (stuck).
  1883 | D:3      | 1883 ||| Stepping randomly (stuck).
  1884 | D:3      | 1884 ||| Stepping randomly (stuck).
  1887 | D:3      | 1887 ||| Stepping randomly (stuck).
  1888 | D:3      | 1888 ||| Stepping randomly (stuck).
  1889 | D:3      | 1889 ||| Stepping randomly (stuck).
  1890 | D:3      | 1890 ||| Stepping randomly (stuck).
  1891 | D:3      | 1891 ||| Stepping randomly (stuck).
  1892 | D:3      | 1892 ||| Stepping randomly (stuck).
  1893 | D:3      | 1893 ||| Stepping randomly (stuck).
  1894 | D:3      | 1894 ||| Stepping randomly (stuck).
  1895 | D:3      | 1895 ||| Stepping randomly (stuck).
  1896 | D:3      | 1896 ||| Stepping randomly (stuck).
  1897 | D:3      | 1897 ||| Stepping randomly (stuck).
  1898 | D:3      | 1898 ||| Stepping randomly (stuck).
  1899 | D:3      | 1899 ||| Stepping randomly (stuck).
  1902 | D:3      | 1902 ||| Stepping randomly (stuck).
  1905 | D:3      | 1905 ||| Stepping randomly (stuck).
  1906 | D:3      | 1906 ||| Stepping randomly (stuck).
  1908 | D:3      | 1908 ||| Stepping randomly (stuck).
  1909 | D:3      | 1909 ||| Stepping randomly (stuck).
  1910 | D:3      | 1910 ||| Stepping randomly (stuck).
  1911 | D:3      | 1911 ||| Stepping randomly (stuck).
  1912 | D:3      | 1912 ||| Stepping randomly (stuck).
  1913 | D:3      | 1913 ||| Stepping randomly (stuck).
  1914 | D:3      | 1914 ||| Stepping randomly (stuck).
  1915 | D:3      | 1915 ||| Stepping randomly (stuck).
  1916 | D:3      | 1916 ||| Stepping randomly (stuck).
  1917 | D:3      | 1917 ||| Stepping randomly (stuck).
  1918 | D:3      | 1918 ||| Stepping randomly (stuck).
  1919 | D:3      | 1919 ||| Stepping randomly (stuck).
  1920 | D:3      | 1920 ||| Stepping randomly (stuck).
  1921 | D:3      | 1921 ||| Stepping randomly (stuck).
  1922 | D:3      | 1922 ||| Stepping randomly (stuck).
  1923 | D:3      | 1923 ||| Stepping randomly (stuck).
  1924 | D:3      | 1924 ||| Stepping randomly (stuck).
  1925 | D:3      | 1925 ||| Stepping randomly (stuck).
  1926 | D:3      | 1926 ||| Stepping randomly (stuck).
  1927 | D:3      | 1927 ||| Stepping randomly (stuck).
  1928 | D:3      | 1928 ||| Stepping randomly (stuck).
  1929 | D:3      | 1929 ||| Stepping randomly (stuck).
  1930 | D:3      | 1930 ||| Stepping randomly (stuck).
  1931 | D:3      | 1931 ||| Stepping randomly (stuck).
  1932 | D:3      | 1932 ||| Stepping randomly (stuck).
  1933 | D:3      | 1933 ||| Stepping randomly (stuck).
  1935 | D:3      | 1935 ||| Stepping randomly (stuck).
  1936 | D:3      | 1936 ||| Stepping randomly (stuck).
  1937 | D:3      | 1937 ||| Stepping randomly (stuck).
  1938 | D:3      | 1938 ||| Stepping randomly (stuck).
  1939 | D:3      | 1939 ||| Stepping randomly (stuck).
  1940 | D:3      | 1940 ||| Stepping randomly (stuck).
  1941 | D:3      | 1941 ||| Stepping randomly (stuck).
  1942 | D:3      | 1942 ||| Stepping randomly (stuck).
  1943 | D:3      | 1943 ||| Stepping randomly (stuck).
  1944 | D:3      | 1944 ||| Stepping randomly (stuck).
  1945 | D:3      | 1945 ||| Stepping randomly (stuck).
  1946 | D:3      | 1946 ||| Stepping randomly (stuck).
  1947 | D:3      | 1947 ||| Stepping randomly (stuck).
  1948 | D:3      | 1948 ||| Stepping randomly (stuck).
  1949 | D:3      | 1949 ||| Stepping randomly (stuck).
  1950 | D:3      | 1950 ||| Stepping randomly (stuck).
  1951 | D:3      | 1951 ||| Stepping randomly (stuck).
  1953 | D:3      | 1953 ||| Stepping randomly (stuck).
  1955 | D:3      | 1955 ||| Stepping randomly (stuck).
  1956 | D:3      | 1956 ||| Stepping randomly (stuck).
  1958 | D:3      | 1958 ||| Stepping randomly (stuck).
  1959 | D:3      | 1959 ||| Stepping randomly (stuck).
  1960 | D:3      | 1960 ||| Stepping randomly (stuck).
  1963 | D:3      | 1963 ||| Stepping randomly (stuck).
  1964 | D:3      | 1964 ||| Stepping randomly (stuck).
  1967 | D:3      | 1967 ||| Stepping randomly (stuck).
  1968 | D:3      | 1968 ||| Stepping randomly (stuck).
  1969 | D:3      | 1969 ||| Stepping randomly (stuck).
  1970 | D:3      | 1970 ||| Stepping randomly (stuck).
  1971 | D:3      | 1971 ||| Stepping randomly (stuck).
  1972 | D:3      | 1972 ||| Stepping randomly (stuck).
  1973 | D:3      | 1973 ||| Stepping randomly (stuck).
  1974 | D:3      | 1974 ||| Stepping randomly (stuck).
  1975 | D:3      | 1975 ||| Stepping randomly (stuck).
  1976 | D:3      | 1976 ||| Stepping randomly (stuck).
  1977 | D:3      | 1977 ||| Stepping randomly (stuck).
  1978 | D:3      | 1978 ||| Stepping randomly (stuck).
  1979 | D:3      | 1979 ||| Stepping randomly (stuck).
  1980 | D:3      | 1980 ||| Stepping randomly (stuck).
  1981 | D:3      | 1981 ||| Stepping randomly (stuck).
  1982 | D:3      | 1982 ||| Stepping randomly (stuck).
  1983 | D:3      | 1983 ||| Stepping randomly (stuck).
  1984 | D:3      | 1984 ||| Stepping randomly (stuck).
  1985 | D:3      | 1985 ||| Stepping randomly (stuck).
  1986 | D:3      | 1986 ||| Stepping randomly (stuck).
  1987 | D:3      | 1987 ||| Stepping randomly (stuck).
  1988 | D:3      | 1988 ||| Stepping randomly (stuck).
  1989 | D:3      | 1989 ||| Stepping randomly (stuck).
  1990 | D:3      | 1990 ||| Stepping randomly (stuck).
  1991 | D:3      | 1991 ||| Stepping randomly (stuck).
  1992 | D:3      | 1992 ||| Stepping randomly (stuck).
  1993 | D:3      | 1993 ||| Stepping randomly (stuck).
  1994 | D:3      | 1994 ||| Stepping randomly (stuck).
  1995 | D:3      | 1995 ||| Stepping randomly (stuck).
  1996 | D:3      | 1996 ||| Stepping randomly (stuck).
  1997 | D:3      | 1997 ||| Stepping randomly (stuck).
  1998 | D:3      | 1998 ||| Stepping randomly (stuck).
  1999 | D:3      | 1999 ||| Stepping randomly (stuck).
  2000 | D:3      | 2000 ||| Stepping randomly (stuck).
  2002 | D:3      | 2002 ||| Stepping randomly (stuck).
  2003 | D:3      | 2003 ||| Stepping randomly (stuck).
  2004 | D:3      | 2004 ||| Stepping randomly (stuck).
  2005 | D:3      | 2005 ||| Stepping randomly (stuck).
  2007 | D:3      | 2007 ||| Stepping randomly (stuck).
  2008 | D:3      | 2008 ||| Stepping randomly (stuck).
  2014 | D:3      | 2014 ||| Stepping randomly (stuck).
  2015 | D:3      | 2015 ||| Stepping randomly (stuck).
  2088 | D:3      | 2088 ||| INVOKING Berserk.
  2090 | D:3      | Reached skill level 6 in Axes
  2218 | D:3      | 2218 ||| Stepping ~*~*~tactically~*~*~ (stealth).
  2219 | D:3      | 2219 ||| Stepping ~*~*~tactically~*~*~ (stealth).
  2220 | D:3      | 2220 ||| Stepping ~*~*~tactically~*~*~ (stealth).
  2221 | D:3      | 2221 ||| Stepping ~*~*~tactically~*~*~ (stealth).
  2222 | D:3      | 2222 ||| Stepping ~*~*~tactically~*~*~ (stealth).
  2257 | D:3      | 2257 ||| DROPPING +0 mace.
  2258 | D:3      | 2258 ||| DROPPING +0 club.
  2311 | D:3      | Found a white marble altar of Elyvilon.
  2442 | D:3      | Found a basalt altar of Yredelemnul.
  2446 | D:3      | 2446 ||| Stepping ~*~*~tactically~*~*~ (stealth).
  2447 | D:3      | 2447 ||| Stepping ~*~*~tactically~*~*~ (hiding).
  2455 | D:3      | Noticed Robin
  2461 | D:3      | 2461 ||| INVOKING Berserk.
  2466 | D:3      | Reached XP level 5. HP: 30/45 MP: 4/4
  2466 | D:3      | Killed Robin
  2487 | D:3      | 2487 ||| Stepping ~*~*~tactically~*~*~ (stealth).
  2490 | D:3      | 2490 ||| Stepping ~*~*~tactically~*~*~ (stealth).
  2492 | D:3      | 2492 ||| Stepping ~*~*~tactically~*~*~ (stealth).
  2699 | D:3      | 2699 ||| SWAPPING to +0 war axe.
  2700 | D:3      | 2700 ||| DROPPING +0 hand axe.
  2710 | D:3      | You fall into a shaft and drop 3 floors!
  2741 | D:6      | Reached skill level 7 in Axes
  2741 | D:6      | 2741 ||| UPGRADING to +0 cloak.
  2746 | D:6      | 2746 ||| DRINKING 2 silvery potions.
  2752 | D:5      | Entered Level 5 of the Dungeon
  2760 | D:5      | 2760 ||| Stepping ~*~*~tactically~*~*~ (stealth).
  2770 | D:5      | Reached XP level 6. HP: 49/52 MP: 5/5
  2845 | D:5      | 2845 ||| INVOKING Berserk.
  2847 | D:5      | Reached skill level 8 in Axes
  2957 | D:5      | Noticed a sky beast
  2966 | D:5      | Killed a sky beast
  3063 | D:5      | 3063 ||| READING 2 scrolls of identify.
  3063 | D:5      | 3063 ||| IDENTIFYING dark potion
  3064 | D:5      | 3064 ||| DROPPING potion of magic.
  3149 | D:4      | Noticed Blork the orc
  3151 | D:4      | 3151 ||| Stepping ~*~*~tactically~*~*~ (hiding).
  3152 | D:4      | 3152 ||| INVOKING Berserk.
  3159 | D:4      | Killed Blork the orc
  3160 | D:4      | Reached skill level 9 in Axes
  3192 | D:4      | Reached *** piety under Trog
  3322 | D:4      | Identified the +8 dagger "Zidghy Ime" {vorpal, Fragile
                  | +Blink rPois Str-3}
  3334 | D:4      | Found a bloodstained altar of Trog.
  3364 | D:4      | Reached XP level 7. HP: 60/60 MP: 6/6
  3425 | D:4      | 3425 ||| Stepping ~*~*~tactically~*~*~ (stealth).
  3763 | D:4      | 3763 ||| DROPPING +1 robe of cold resistance.
  3764 | D:4      | 3764 ||| READING scroll labelled ABARUBB VUESE.
  3765 | D:4      | 3765 ||| DRINKING 2 smoky coppery potions.
  3766 | D:4      | 3766 ||| READING 2 scrolls of identify.
  3766 | D:4      | 3766 ||| IDENTIFYING fuming red potion
  3767 | D:4      | 3767 ||| DROPPING potion of attraction.
  4198 | D:4      | 4198 ||| UPGRADING to ring of resist corrosion.
  4199 | D:4      | 4199 ||| DRINKING 2 murky sapphire potions.
  4242 | D:4      | 4242 ||| DROPPING potion of lignification.
  4460 | D:5      | Found Saoddey's Distillery.
  4469 | D:5      | 4469 ||| INVOKING Berserk.
  4579 | D:5      | 4579 ||| BUYING potion of cancellation (104 gold).
  4579 | D:5      | Bought a potion of cancellation for 104 gold pieces
  4579 | D:5      | 4579 ||| BUYING potion of curing (39 gold).
  4579 | D:5      | Bought a potion of curing for 39 gold pieces
  4579 | D:5      | 4579 ||| BUYING potion of curing (39 gold).
  4579 | D:5      | Bought a potion of curing for 39 gold pieces
  4579 | D:5      | 4579 ||| BUYING potion of heal wounds (65 gold).
  4579 | D:5      | Bought a potion of heal wounds for 65 gold pieces
  4579 | D:5      | 4579 ||| BUYING potion of heal wounds (65 gold).
  4579 | D:5      | Bought a potion of heal wounds for 65 gold pieces
  4579 | D:5      | 4579 ||| SHOPLISTING potion of heal wounds (65 gold, have
                  | 22).
  4579 | D:5      | 4579 ||| SHOPLISTING potion of mutation (104 gold, have
                  | 22).
  4595 | D:5      | Found a staircase to the Ecumenical Temple.
  4648 | D:5      | 4648 ||| Stepping ~*~*~tactically~*~*~ (hiding).
  4650 | D:5      | 4650 ||| Stepping ~*~*~tactically~*~*~ (hiding).
  4976 | D:5      | 4976 ||| READING scroll of enchant weapon.
  4976 | D:5      | 4976 ||| ENCHANTING +1 war axe.
  5075 | D:5      | 5075 ||| READING scroll labelled DIPSUD YVINKO.
  5176 | D:5      | 5176 ||| READING scroll labelled ULIAJA BEUNAR.
  5177 | D:5      | 5177 ||| READING scroll labelled BURAURHEFI.
  5208 | D:6      | Reached skill level 10 in Axes
  5279 | D:6      | 5279 ||| Stepping ~*~*~tactically~*~*~ (stealth).
  5287 | D:6      | Reached skill level 6 in Fighting
  5331 | D:6      | 5331 ||| DROPPING +0 flail.
  5347 | D:6      | Reached XP level 8. HP: 63/70 MP: 7/7
  5479 | D:6      | 5479 ||| INVOKING Berserk.
  5637 | D:6      | Found a shimmering altar of Xom.
  5640 | D:6      | 5640 ||| Stepping ~*~*~tactically~*~*~ (hiding).
  5643 | D:6      | 5643 ||| Stepping ~*~*~tactically~*~*~ (hiding).
  5646 | D:6      | 5646 ||| INVOKING Berserk.
  5652 | D:6      | Reached skill level 11 in Axes
  5680 | D:6      | 5680 ||| FLEEEEING.
  5681 | D:6      | 5681 ||| Stepping ~*~*~tactically~*~*~ (hiding).
  5684 | D:6      | 5684 ||| FLEEEEING.
  5687 | D:6      | 5687 ||| FLEEEEING.
  5688 | D:6      | 5688 ||| FLEEEEING.
  5689 | D:6      | 5689 ||| FLEEEEING.
  5690 | D:6      | 5690 ||| FLEEEEING.
  5691 | D:6      | 5691 ||| FLEEEEING.
  5692 | D:6      | 5692 ||| FLEEEEING.
  5693 | D:6      | 5693 ||| DRINKING 5 potions of curing.
  5693 | D:6      | 5693 ||| (to cure confusion)
  5694 | D:6      | 5694 ||| FLEEEEING.
  5695 | D:6      | 5695 ||| FLEEEEING.
  5696 | D:6      | 5696 ||| FLEEEEING.
  5697 | D:6      | 5697 ||| FLEEEEING.
  5698 | D:6      | 5698 ||| FLEEEEING.
  5700 | D:6      | 5700 ||| FLEEEEING.
  5701 | D:6      | 5701 ||| FLEEEEING.
  5702 | D:6      | 5702 ||| FLEEEEING.
  5703 | D:6      | 5703 ||| FLEEEEING.
  5704 | D:6      | 5704 ||| DRINKING 4 potions of curing.
  5704 | D:6      | 5704 ||| (to cure confusion)
  5765 | D:6      | Reached skill level 3 in Armour
  5779 | D:6      | 5779 ||| Stepping ~*~*~tactically~*~*~ (stealth).
  5943 | D:6      | 5943 ||| Stepping ~*~*~tactically~*~*~ (hiding).
  5944 | D:6      | 5944 ||| Stepping ~*~*~tactically~*~*~ (hiding).
  6110 | D:6      | 6110 ||| INVOKING Berserk.
  6255 | D:6      | Identified the +2 shortbow "Cet Veahie" {freeze, Str+2}
  6385 | D:6      | 6385 ||| READING scroll labelled JUAGANESCHI.
  6390 | D:6      | 6390 ||| READING scroll labelled CAR CUCISTROO.
  6391 | D:6      | 6391 ||| DRINKING 2 red potions.
  6555 | D:5      | Noticed a rust devil
  6555 | D:5      | Noticed a rust devil
  6557 | D:5      | 6557 ||| INVOKING Berserk.
  6561 | D:5      | Reached skill level 3 in Throwing
  6565 | D:5      | Killed a rust devil
  6566 | D:5      | Reached skill level 12 in Axes
  6566 | D:5      | Reached XP level 9. HP: 66/75 MP: 8/8
  6568 | D:5      | Killed a rust devil
  6752 | D:5      | 6752 ||| DROPPING +1 flail of freezing.
  6765 | D:5      | 6765 ||| UPGRADING to +0 plate armour.
  6775 | D:5      | 6775 ||| DROPPING +0 ring mail.
  6776 | D:5      | 6776 ||| UPGRADING to +2 plate armour of cold resistance.
  6786 | D:5      | 6786 ||| DROPPING +0 plate armour.
  6872 | D:7      | 6872 ||| INVOKING Berserk.
  7062 | D:7      | Identified the +1 cloak of Omianim {Harm *Slow rPois rF+}
  7092 | D:7      | Reached skill level 6 in Armour
  7145 | D:7      | 7145 ||| INVOKING Berserk.
  7325 | D:7      | 7325 ||| Stepping ~*~*~tactically~*~*~ (hiding).
  7330 | D:7      | 7330 ||| INVOKING Berserk.
  7357 | D:7      | 7357 ||| Stepping ~*~*~tactically~*~*~ (stealth).
  7358 | D:7      | 7358 ||| Stepping ~*~*~tactically~*~*~ (stealth).
  7359 | D:7      | 7359 ||| Stepping ~*~*~tactically~*~*~ (stealth).
  7364 | D:7      | 7364 ||| Stepping ~*~*~tactically~*~*~ (stealth).
  7368 | D:7      | 7368 ||| FLEEEEING.
  7369 | D:7      | 7369 ||| FLEEEEING.
  7530 | D:7      | Reached skill level 13 in Axes
  7665 | D:7      | Found a shadowy altar of Dithmenos.
  7668 | D:7      | 7668 ||| UPGRADING to +2 pair of gloves.
  7678 | D:7      | 7678 ||| DROPPING +0 pair of gloves.
  7679 | D:7      | 7679 ||| READING 3 scrolls of identify.
  7679 | D:7      | 7679 ||| IDENTIFYING emerald potion
  7680 | D:7      | 7680 ||| READING 2 scrolls of identify.
  7680 | D:7      | 7680 ||| IDENTIFYING glowing pink potion
  7681 | D:7      | 7681 ||| DROPPING potion of berserk rage.
  7682 | D:7      | 7682 ||| DROPPING potion of flight.
  7697 | D:8      | 7697 ||| STAIRDANCE
  7704 | D:8      | 7704 ||| STAIRDANCE
  7746 | D:8      | 7746 ||| INVOKING Berserk.
  7753 | D:8      | Reached **** piety under Trog
  7918 | D:8      | Found Erucy's Evil Emporium.
  7962 | D:8      | Found a glowing golden altar of the Shining One.
  7962 | D:8      | Found an ancient bone altar of Kikubaaqudgha.
  7969 | D:8      | Found a faded altar of an unknown god.
  7971 | D:8      | Found a snail-covered altar of Cheibriados.
  7973 | D:8      | Found a faded altar of an unknown god.
  8032 | D:8      | 8032 ||| Stepping ~*~*~tactically~*~*~ (stealth).
  8116 | D:8      | 8116 ||| Stepping ~*~*~tactically~*~*~ (hiding).
  8232 | D:8      | 8232 ||| READING scroll of enchant armour.
  8232 | D:8      | 8232 ||| ENCHANTING +0 cloak.
  8269 | D:8      | Found a runed translucent gate.
  8269 | D:8      | Noticed a ten-headed hydra
  8269 | D:8      | Noticed qw's ghost (novice MiBe)
  8270 | D:8      | Found a runed translucent gate.
  8271 | D:8      | Found a runed translucent gate.
  8406 | D:8      | Found a staircase to the Lair.
  8409 | D:8      | Reached XP level 10. HP: 83/88 MP: 9/9
  8625 | D:8      | 8625 ||| Stepping ~*~*~tactically~*~*~ (hiding).
  8663 | D:8      | 8663 ||| Stepping ~*~*~tactically~*~*~ (stealth).
  8669 | D:8      | Reached skill level 14 in Axes
  8981 | D:8      | 8981 ||| PLANNING LAIR
  8981 | D:8      | 8981 ||| READING scroll labelled COHEVU LYANK.
  8982 | D:8      | 8982 ||| READING scroll labelled FEON VOTAAT.
  8983 | D:8      | 8983 ||| DRINKING 2 fizzy yellow potions.
  8984 | D:8      | 8984 ||| DROPPING potion of degeneration.
  9001 | Lair:1   | Entered Level 1 of the Lair of Beasts
  9015 | Lair:1   | 9015 ||| INVOKING Berserk.
  9186 | Lair:1   | Noticed a black mamba
  9188 | Lair:1   | 9188 ||| INVOKING Berserk.
  9192 | Lair:1   | Killed a black mamba
  9196 | Lair:1   | Reached skill level 15 in Axes
  9343 | Lair:1   | 9343 ||| INVOKING Berserk.
  9352 | Lair:1   | Reached skill level 9 in Fighting
  9494 | Lair:1   | 9494 ||| INVOKING Berserk.
  9636 | Lair:1   | 9636 ||| Stepping ~*~*~tactically~*~*~ (stealth).
  9660 | Lair:1   | Reached skill level 3 in Dodging
  9798 | Lair:1   | 9798 ||| Stepping ~*~*~tactically~*~*~ (stealth).
  9800 | Lair:1   | 9800 ||| Stepping ~*~*~tactically~*~*~ (stealth).
  9801 | Lair:1   | 9801 ||| INVOKING Berserk.
  9832 | Lair:1   | Reached XP level 11. HP: 69/97 MP: 10/10
 10036 | Lair:1   | 10036 ||| INVOKING Berserk.
 10038 | Lair:1   | Reached skill level 16 in Axes
 10164 | Lair:1   | 10164 ||| INVOKING Berserk.
 10251 | Lair:1   | Noticed Fannar
 10255 | Lair:1   | 10255 ||| Stepping ~*~*~tactically~*~*~ (water).
 10265 | Lair:1   | Killed Fannar
 10336 | Lair:1   | Noticed a boulder beetle
 10337 | Lair:1   | 10337 ||| Stepping ~*~*~tactically~*~*~ (stealth).
 10338 | Lair:1   | 10338 ||| Stepping ~*~*~tactically~*~*~ (stealth).
 10339 | Lair:1   | 10339 ||| INVOKING Berserk.
 10469 | Lair:1   | 10469 ||| INVOKING Berserk.
 10479 | Lair:1   | Reached skill level 9 in Armour
 10616 | Lair:1   | 10616 ||| READING scroll of enchant armour.
 10616 | Lair:1   | 10616 ||| ENCHANTING +1 cloak.
 10654 | Lair:1   | Noticed an eight-headed hydra
 10654 | Lair:1   | Found the +7 Singing Sword {vorpal, sonic wave}
 10655 | Lair:1   | 10655 ||| Stepping ~*~*~tactically~*~*~ (stealth).
 10657 | Lair:1   | 10657 ||| INVOKING Berserk.
 10671 | Lair:1   | Killed a 16-headed hydra
 10934 | Lair:1   | 10934 ||| INVOKING Berserk.
 10944 | Lair:1   | Killed a boulder beetle
 11049 | Lair:1   | 11049 ||| READING scroll of enchant weapon.
 11049 | Lair:1   | 11049 ||| ENCHANTING +2 war axe.
 11271 | Lair:1   | 11271 ||| DROPPING ring of ice.
 11272 | Lair:1   | 11272 ||| UPGRADING to ring of protection from cold.
 11331 | Lair:2   | Found a staircase to the Shoals.
 11343 | Lair:2   | 11343 ||| INVOKING Berserk.
 11460 | Lair:2   | 11460 ||| Stepping ~*~*~tactically~*~*~ (stealth).
 11461 | Lair:2   | 11461 ||| Stepping ~*~*~tactically~*~*~ (stealth).
 11462 | Lair:2   | 11462 ||| INVOKING Berserk.
 11630 | Lair:2   | Noticed a death yak
 11631 | Lair:2   | Noticed a death yak
 11632 | Lair:2   | Noticed a death yak
 11633 | Lair:2   | Noticed an eight-headed hydra
 11634 | Lair:2   | 11634 ||| INVOKING Brothers in Arms.
 11635 | Lair:2   | Noticed a death yak
 11636 | Lair:2   | 11636 ||| INVOKING Berserk.
 11638 | Lair:2   | Killed a death yak
 11643 | Lair:2   | Killed a death yak
 11650 | Lair:2   | Killed a 16-headed hydra
 11651 | Lair:2   | Reached skill level 12 in Fighting
 11654 | Lair:2   | HP: 36/156 [death yak (8)]
 11655 | Lair:2   | Killed a death yak
 11656 | Lair:2   | Killed a death yak
 11657 | Lair:2   | Reached XP level 12. HP: 26/112 MP: 11/11
 12142 | Lair:2   | Reached skill level 6 in Throwing
 12288 | Lair:2   | 12288 ||| INVOKING Berserk.
 12406 | Lair:2   | 12406 ||| Stepping ~*~*~tactically~*~*~ (stealth).
 12411 | Lair:2   | 12411 ||| INVOKING Berserk.
 13048 | Lair:3   | 13048 ||| Stepping ~*~*~tactically~*~*~ (stealth).
 13050 | Lair:3   | 13050 ||| Stepping ~*~*~tactically~*~*~ (stealth).
 13051 | Lair:3   | 13051 ||| INVOKING Berserk.
 13166 | Lair:3   | 13166 ||| Stepping ~*~*~tactically~*~*~ (hiding).
 13167 | Lair:3   | 13167 ||| Stepping ~*~*~tactically~*~*~ (hiding).
 13168 | Lair:3   | 13168 ||| Stepping ~*~*~tactically~*~*~ (stealth).
 13190 | Lair:3   | 13190 ||| INVOKING Berserk.
 13199 | Lair:3   | HP: 25/113 [poisoned by a cane toad]
 13204 | Lair:3   | HP: 20/113 [poisoned by a cane toad]
 13671 | Lair:3   | 13671 ||| Stepping ~*~*~tactically~*~*~ (stealth).
 13700 | Lair:3   | 13700 ||| FLEEEEING.
 13701 | Lair:3   | 13701 ||| FLEEEEING.
 13702 | Lair:3   | 13702 ||| FLEEEEING.
 13703 | Lair:3   | 13703 ||| FLEEEEING.
 13704 | Lair:3   | 13704 ||| FLEEEEING.
 13705 | Lair:3   | 13705 ||| FLEEEEING.
 13706 | Lair:3   | 13706 ||| FLEEEEING.
 13708 | Lair:3   | 13708 ||| FLEEEEING.
 13711 | Lair:3   | 13711 ||| FLEEEEING.
 13713 | Lair:3   | 13713 ||| INVOKING Berserk.
 13770 | Lair:3   | Noticed a death yak
 13771 | Lair:3   | Noticed a death yak
 13772 | Lair:3   | Noticed a death yak
 13773 | Lair:3   | Noticed a death yak
 13775 | Lair:3   | 13775 ||| INVOKING Berserk.
 13777 | Lair:3   | Noticed a death yak
 13779 | Lair:3   | Killed a death yak
 13780 | Lair:3   | Reached skill level 12 in Armour
 13781 | Lair:3   | Noticed a death yak
 13783 | Lair:3   | Killed a death yak
 13795 | Lair:3   | Killed a death yak
 13798 | Lair:3   | Killed a death yak
 13802 | Lair:3   | Killed a death yak
 13808 | Lair:3   | Killed a death yak
 13809 | Lair:3   | Reached skill level 6 in Dodging
 14023 | Lair:3   | Noticed a six-headed hydra
 14024 | Lair:3   | 14024 ||| INVOKING Brothers in Arms.
 14025 | Lair:3   | 14025 ||| INVOKING Brothers in Arms.
 14026 | Lair:3   | 14026 ||| SWAPPING to +0 morningstar.
 14027 | Lair:3   | 14027 ||| INVOKING Berserk.
 14028 | Lair:3   | Killed a six-headed hydra
 14036 | Lair:3   | 14036 ||| SWAPPING to +3 war axe.
 14736 | Lair:3   | 14736 ||| Stepping ~*~*~tactically~*~*~ (stealth).
 14737 | Lair:3   | 14737 ||| Stepping ~*~*~tactically~*~*~ (stealth).
 14772 | Lair:3   | Found a staircase to the Snake Pit.
 14784 | Lair:3   | 14784 ||| INVOKING Berserk.
 15191 | Lair:3   | 15191 ||| READING scroll labelled YMIEM CYRYRO.
 15192 | Lair:3   | 15192 ||| READING 2 scrolls of identify.
 15192 | Lair:3   | 15192 ||| IDENTIFYING fuming pink potion
 15244 | Lair:4   | 15244 ||| INVOKING Berserk.
 15253 | Lair:4   | Reached XP level 13. HP: 124/124 MP: 12/12
 15372 | Lair:4   | Found a viscous altar of Jiyva.
 15374 | Lair:4   | Found a staircase to the Slime Pits.
 15383 | Lair:4   | Identified the +1 robe "Ystrinofe" {Slay+3}
 15503 | Lair:4   | 15503 ||| READING scroll of enchant weapon.
 15503 | Lair:4   | 15503 ||| ENCHANTING +3 war axe of protection.
 15814 | Lair:4   | 15814 ||| SWAPPING to +0 morningstar.
 15815 | Lair:4   | 15815 ||| INVOKING Berserk.
 15837 | Lair:4   | 15837 ||| SWAPPING to +4 war axe of protection.
 16171 | Lair:5   | Entered Level 5 of the Lair of Beasts
 16174 | Lair:5   | 16174 ||| Stepping ~*~*~tactically~*~*~ (stealth).
 16180 | Lair:5   | 16180 ||| INVOKING Berserk.
 16216 | Lair:5   | 16216 ||| Stepping ~*~*~tactically~*~*~ (stealth).
 16218 | Lair:5   | 16218 ||| Stepping ~*~*~tactically~*~*~ (hiding).
 16277 | Lair:5   | 16277 ||| FLEEEEING.
 16279 | Lair:5   | 16279 ||| FLEEEEING.
 16280 | Lair:5   | 16280 ||| FLEEEEING.
 16281 | Lair:5   | 16281 ||| STAIRDANCE
 16339 | Lair:5   | 16339 ||| Stepping ~*~*~tactically~*~*~ (hiding).
 16350 | Lair:5   | 16350 ||| FLEEEEING.
 16450 | Lair:5   | Reached skill level 15 in Fighting
 16575 | Lair:5   | 16575 ||| Stepping ~*~*~tactically~*~*~ (stealth).
 16617 | Lair:5   | 16617 ||| INVOKING Berserk.
 16665 | Lair:5   | 16665 ||| FLEEEEING.
 16666 | Lair:5   | 16666 ||| FLEEEEING.
 16688 | Lair:5   | 16688 ||| Stepping ~*~*~tactically~*~*~ (stealth).
 16746 | Lair:5   | 16746 ||| INVOKING Berserk.
 16797 | Lair:5   | 16797 ||| Stepping ~*~*~tactically~*~*~ (stealth).
 16801 | Lair:5   | 16801 ||| Stepping ~*~*~tactically~*~*~ (stealth).
 16902 | Lair:5   | 16902 ||| INVOKING Berserk.
 16921 | Lair:5   | 16921 ||| INVOKING Brothers in Arms.
 16923 | Lair:5   | 16923 ||| SWAPPING to +0 morningstar.
 16925 | Lair:5   | 16925 ||| INVOKING Brothers in Arms.
 16926 | Lair:5   | 16926 ||| INVOKING Brothers in Arms.
 16930 | Lair:5   | 16930 ||| SWAPPING to +4 war axe of protection.
 16939 | Lair:5   | 16939 ||| INVOKING Berserk.
 17190 | Lair:5   | Reached skill level 9 in Throwing
 17226 | Lair:5   | 17226 ||| INVOKING Berserk.
 17299 | Lair:5   | 17299 ||| FLEEEEING.
 17300 | Lair:5   | 17300 ||| FLEEEEING.
 17302 | Lair:5   | 17302 ||| FLEEEEING.
 17303 | Lair:5   | 17303 ||| FLEEEEING.
 17304 | Lair:5   | 17304 ||| FLEEEEING.
 17305 | Lair:5   | 17305 ||| FLEEEEING.
 17306 | Lair:5   | 17306 ||| INVOKING Berserk.
 17323 | Lair:5   | 17323 ||| INVOKING Brothers in Arms.
 17326 | Lair:5   | 17326 ||| SWAPPING to +0 morningstar.
 17327 | Lair:5   | 17327 ||| Stepping ~*~*~tactically~*~*~ (outnumbered).
 17328 | Lair:5   | 17328 ||| INVOKING Brothers in Arms.
 17328 | Lair:5   | HP: 22/128 [eight-headed hydra[a boggart] (11)]
 17328 | Lair:5   | HP: 10/128 [eight-headed hydra[a boggart] (12)]
 17329 | Lair:5   | 17329 ||| READING scroll of teleportation.
 17329 | Lair:5   | HP: 2/128 [lindwurm (7)]
 17329 | Lair:5   | Slain by an eight-headed hydra

Levels and vault maps discovered:
D:1:      roderic_crossed_star, layout_basic,
          hellmonk_ecumenical_altar_inner_sanctum
D:2:      layout_loops_ring, mrwooster_statue_mirror
D:3:      cheibrodos_pilgrimage, layout_rooms, nicolae_elyvilon_temple_path,
          mainiacjoe_overflow_small_starburst, uniq_robin
D:4:      layout_basic, trog_butcher_becter, minmay_close_crescents,
          uniq_blork_the_orc
D:5:      cheibrodos_iron_armory, layout_basic, minmay_temple_entry_poolview,
          serial_shops, shop_statue, small_statue_intersection
D:6:      black_bear_nest_2, layout_loops_ring, mainiacjoe_overflow_24_doors
D:7:      layout_rooms, lemuel_tele_altar
D:8:      layout_loops_corners, chequers_temple_overflow_minitemple,
          erik_lair_orcish_takeover, gammafunk_ghost_hydra_chop,
          nicolae_evil_shop
Lair:1:   layout_gridlike, nzn_random_ring, serial_bayou_shore_b, uniq_fannar
Lair:2:   layout_cave_shapes, elwin_shoals_entry_rocks,
          nicolae_lair_run_with_the_wolves, lemuel_fruit_fields
Lair:3:   layout_layer_cave, minmay_snake_entry_guardpost_small,
          lemuel_fruit_fields, grunt_megastairs_3, lemuel_fruit_tree,
          serial_bayou_shore_a, serial_bayou_shore_b
Lair:4:   layout_cave_shapes, slime_entry_1, grunt_megastairs_4
Lair:5:   minmay_lair_end_enchanted_forest, layout_misc_corridors, special_room
          [special_room_mythical_zoo]

Skill      XL: |  1  2  3  4  5  6  7  8  9 10 11 12 13 |
---------------+----------------------------------------+-----
Axes           | 4 5 6 7 9 10 12 13 15 16 | 16.0
Throwing       | 1 3 4 5 8 9 |  9.0
Fighting       | 4 6 8 9 12 14 15 | 15.7
Armour         | 3 7 8 10 12 14 | 14.0
Dodging        | 3 4 6 |  6.3

Action                   |  1- 3 |  4- 6 |  7- 9 | 10-12 | 13-15 || total
-------------------------+-------+-------+-------+-------+-------++-------
Melee: Hand axe          |    46 |    46 |       |       |       ||    92
       Headbutt          |     4 |    14 |    30 |    77 |    42 ||   167
       War axe           |       |    46 |   192 |   367 |   189 ||   794
       Punch             |       |     1 |     1 |     3 |     3 ||     8
       Morningstar       |       |       |       |     1 |     6 ||     7
Throw: Javelin           |    30 |    14 |    39 |    67 |    30 ||   180
       Boomerang         |       |       |       |     4 |     1 ||     5
Invok: Berserk           |       |     4 |     9 |    23 |     8 ||    44
       Brothers in Arms  |       |       |       |     2 |     3 ||     5
  Use: Scroll            |     5 |     1 |    11 |     6 |     2 ||    25
       Potion            |     2 |     1 |     5 |     1 |       ||     9
 Stab: Distracted        |       |       |       |       |     1 ||     1
Armor: Animal skin       |    15 |       |       |       |       ||    15
       Ring mail         |     1 |    23 |    35 |       |       ||    59
       Plate armour      |       |       |    56 |   193 |   155 ||   404
Dodge: Dodged            |    27 |    43 |    78 |   100 |   107 ||   355

Table legend:
 A = Non-vault XP
 B = Vault XP
 C = Vault XP percentage of total XP
 D = Non-vault monster count
 E = Vault monster count
 F = Vault count percentage of total count
                 A         B        C        D         E       F
            +---------+---------+-------+---------+---------+-------
      Total |   39046 |   18823 |  32.5 |     260 |     108 |  29.3
            +---------+---------+-------+---------+---------+-------
        D:1 |      19 |       0 |   0.0 |      10 |       0 |   0.0
        D:2 |      68 |       0 |   0.0 |      23 |       0 |   0.0
        D:3 |      70 |      91 |  56.5 |      20 |      18 |  47.4
        D:4 |     186 |     110 |  37.2 |       8 |       9 |  52.9
        D:5 |     513 |    1199 |  70.0 |      15 |       4 |  21.1
        D:6 |    1147 |     136 |  10.6 |      20 |       1 |   4.8
        D:7 |    1177 |       0 |   0.0 |      30 |       0 |   0.0
        D:8 |    1181 |     613 |  34.2 |      31 |       8 |  20.5
     Lair:1 |    5271 |    5244 |  49.9 |      20 |      11 |  35.5
     Lair:2 |    6866 |    1796 |  20.7 |      15 |      10 |  40.0
     Lair:3 |    9668 |    2243 |  18.8 |      23 |       8 |  25.8
     Lair:4 |    3007 |       0 |   0.0 |      10 |       0 |   0.0
     Lair:5 |    9873 |    7391 |  42.8 |      35 |      39 |  52.7
            +---------+---------+-------+---------+---------+-------
